 Dungeon Crawl Stone Soup version 0.28-a0-1159-g27aa881441 (webtiles) character file.

Game seed: 2300968072238532446

247 ChaosChampion the Agent of Entropy (level 5, 0/41 (42) HPs)
             Began as a Demonspawn Abyssal Knight on Dec 15, 2021.
             Was a Priest of Lugonu.
             Slain by an orc wizard (3 damage)
             ... on level 5 of the Dungeon.
             The game lasted 00:04:38 (3734 turns).

ChaosChampion the Agent of Entropy (DsAK)           Turns: 3734, Time: 00:04:38

HP:   0/41 (42)     AC:  7    Str: 15    XL:     5   Next: 85%
MP:   8/8           EV: 12    Int: 11    God:    Lugonu [***...]
Gold: 59            SH:  0    Dex: 14    Spells: 4/4 levels left

rFire   . . .      SeeInvis .   a - +1 mace
rCold   . . .      Faith    .   (no shield)
rNeg    . . .      Spirit   .   b - +0 leather armour
rPois   .          Reflect  .   h - +2 hat
rElec   .          Harm     .   k - +1 cloak
rCorr   .          Rampage  .   (no gloves)
Will    .....                   (no boots)
Stlth   +.........              (no amulet)
HPRegen 0.13/turn               (no ring)
MPRegen 0.11/turn               (no ring)

@: confused, lightly drained
A: hooves 1, foul stench 1
a: Renounce Religion, Depart the Abyss, Bend Space, Banish


You were on level 5 of the Dungeon.
You worshipped Lugonu.
Lugonu was most pleased with you.
You visited 1 branch of the dungeon, and saw 5 of its levels.
You visited the Abyss 1 time.

You collected 59 gold pieces.

Inventory:

Hand Weapons
 a - a +1 mace (weapon)
Armour
 b - a +0 leather armour (worn)
 h - a +2 hat (worn)
 k - a +1 cloak (worn)
Scrolls
 c - a scroll of brand weapon {unknown}
 f - 3 scrolls of identify {unknown}
 i - a scroll of teleportation {unknown}
 j - 2 scrolls of blinking {unknown}
Potions
 d - a potion of flight {unknown}
 e - a potion of haste {unknown}
 g - 2 potions of curing {unknown}
 m - a potion of magic {unknown}


   Skills:
 + Level 4.0 Fighting
 + Level 2.8 Maces & Flails
 + Level 2.9 Armour
 + Level 2.4 Dodging
 + Level 4.1 Invocations


You had 4 spell levels left.
You didn't know any spells.
Your spell library contained the following spells:

 Spells                   Type           Power      Damage    Failure   Level
 Animate Skeleton         Necr           0%         N/A       41%         1
 Pain                     Necr           0%         1d4       41%         1
 Sandblast                Erth           0%         2d4       41%         1
 Passwall                 Tmut/Erth      0%         N/A       54%         2
 Dazzling Flash           Conj/Hex       0%         N/A       78%         3
 Gell's Gravitas          Tloc           0%         N/A       78%         3
 Stone Arrow              Conj/Erth      0%         3d7       78%         3
 Teleport Other           Tloc           0%         N/A       78%         3
 Vampiric Draining        Necr           0%         2d6       78%         3
 Iskenderun's Mystic Bla  Conj/Tloc      0%         2d3       99%         4
 Agony                    Necr           0%         N/A       100%        5
 Silence                  Hex/Air        0%         N/A       100%        5
 Dispersal                Tloc           0%         N/A       100%        6
 Starburst                Conj/Fire      0%         6d3       100%        6


Dungeon Overview and Level Annotations

Branches:
Dungeon (6/15)
 Temple: D:4-7

Altars:
Kikubaaqudgha
Xom


Innate Abilities, Weirdness & Mutations

You have large cloven feet.
You may rarely emit foul miasma when damaged in melee.


Message History

You kill the orc!
Lugonu accepts your kill. Something hits you but does no damage.
The orc wizard gestures at you while chanting.
The magic dart hits something.
You hit the orc but do no damage. Your kick misses the orc.
The orc hits you with a +2 whip of electrocution.
Something hits you. The orc hits you but does no damage.
You are too confused!
You are too confused!
You closely miss the orc wizard.
The orc wizard is lightly wounded.
You feel less confused.
The orc wizard hits you with a +0 dagger.
Something hits you but does no damage.
You barely miss the orc wizard.
The orc wizard is lightly wounded.
The orc wizard hits you but does no damage.
Something hits you but does no damage. The orc wizard closely misses you.
You completely miss the orc wizard. Your kick misses the orc wizard.
The orc wizard is lightly wounded.
Something barely misses you.
The orc wizard hits you but does no damage.
Something hits you but does no damage.
You closely miss the orc wizard.
The orc wizard is lightly wounded.
The orc wizard hits you with a +0 dagger.
You hear some strange, mumbled words.
You are confused.
You miss something. Your kick misses something.
The orc wizard hits you but does no damage.
Something hits you but does no damage. The orc wizard casts a spell at you.
The puff of flame hits you!
The orc wizard hits you with a +0 dagger.
The orc hits you with a +2 whip of electrocution.
You are electrocuted!
* * * LOW HITPOINT WARNING * * *
Something hits you.
You die...

#...########
###(..#..#...#
.............#
............##
.##.......>..#
########).##
####..#
#...oo#
#...@##
#...{.#
###..## ####


You could see an orc wizard and an orc.

Vanquished Creatures
  A phantom (D:3)
  A hound (D:5)
  Robin (D:3)
  2 adders (D:2)
  2 worms
  4 dart slugs
  7 orcs
  7 ball pythons
  2 endoplasms
  5 giant cockroaches
  16 goblins
  10 hobgoblins
  4 jackals (D:3)
  3 quokkas
  3 bats
  13 frilled lizards (D:2)
  9 kobolds
  3 rats (D:2)
93 creatures vanquished.

Vanquished Creatures (others)
  6 plants (D:2)
6 creatures vanquished.

Grand Total: 99 creatures vanquished

Notes
Turn   | Place    | Note
-------+----------+-------------------------------------------
     0 | Abyss:1  | ChaosChampion the Demonspawn Abyssal Knight began the quest
                  | for the Orb.
     0 | Abyss:1  | Reached XP level 1. HP: 18/18 MP: 2/2
     4 | Abyss:1  | Found a corrupted altar of Lugonu.
     9 | Abyss:1  | Found a corrupted altar of Lugonu.
    12 | D:1      | Escaped the Abyss
    77 | D:1      | Reached skill level 1 in Dodging
   150 | D:1      | Gained mutation: You have large cloven feet. [demonic
                  | ancestry]
   150 | D:1      | Reached XP level 2. HP: 17/24 MP: 4/4
   738 | D:1      | Reached XP level 3. HP: 29/29 MP: 5/5
   806 | D:1      | Found a faded altar of an unknown god.
   976 | D:2      | Reached ** piety under Lugonu
  1471 | D:2      | Gained mutation: You may rarely emit foul miasma when
                  | damaged in melee. [demonic ancestry]
  1471 | D:2      | Reached XP level 4. HP: 27/35 MP: 6/6
  1838 | D:2      | Reached *** piety under Lugonu
  2376 | D:3      | Noticed Robin
  2756 | D:3      | Killed Robin
  3218 | D:3      | Found an ancient bone altar of Kikubaaqudgha.
  3232 | D:3      | Noticed a phantom
  3237 | D:3      | Reached XP level 5. HP: 42/42 MP: 7/7
  3237 | D:3      | Found a shimmering altar of Xom.
  3253 | D:3      | Killed a phantom
  3570 | D:3      | You fall into a shaft and drop 3 floors!
  3581 | D:5      | Entered Level 5 of the Dungeon
  3734 | D:5      | Slain by an orc wizard

Illustrated notes

Levels and vault maps discovered:
D:1:      dpeg_arrival_court, layout_basic, ebering_ecumenical_altar_ruins
D:2:      layout_basic, minmay_lizard_king
D:3:      layout_loops_cross, mainiacjoe_overflow_large_starburst,
          lightli_temple_of_fire, chequers_serial_rivers_micro_e, st_stairs_5,
          hex_tiny, amcnicky_mini_pool_small, uniq_robin
D:5:      minmay_clustersquares, layout_gridville, ashenzari_altar_1,
          kennysheep_cross_room, uniq_menkaure, uniq_blork_the_orc
D:6:      layout_rooms, temple_fountains, gammafunk_ghost_stat_death

Skill      XL: |  1  2  3  4  5 |
---------------+----------------+-----
Dodging        | 1 2 |  2.4
Maces & Flails | 2 |  2.8
Armour         | 2 |  2.9
Invocations    | 3 4 |  4.1
Fighting       | 4 |  4.0

Action                   |  1- 3 |  4- 6 || total
-------------------------+-------+-------++-------
Melee: Mace              |    98 |   150 ||   248
       Kick              |    25 |    27 ||    52
Throw: Javelin           |       |     6 ||     6
 Stab: Sleeping          |     1 |     1 ||     2
Armor: Leather armour    |    44 |    86 ||   130
Dodge: Dodged            |    65 |   127 ||   192

Table legend: (Time is in decaauts)
 A = Elapsed time spent in this place.
 B = Non-inter-level travel time spent in this place.
 C = Inter-level travel time spent in this place.
 D = Time resting spent in this place.
 E = Time spent auto-exploring this place.
 F = Levels seen in this place.
 G = Mean time per level.
                   A        B        C        D        E       F      G
               +--------+--------+--------+--------+--------+-----+--------+
         Total |   3813 |   3694 |    119 |    672 |   2258 |   6 |  635.5 |
       Dungeon |   3801 |   3682 |    119 |    672 |   2257 |   5 |  760.2 |
         Abyss |     12 |     12 |      0 |      0 |      1 |   1 |   12.0 |
               +--------+--------+--------+--------+--------+-----+--------+

Top non-repeatable levels by time:
     D:2: 1480 daAuts
     D:3: 1174 daAuts
     D:1: 975 daAuts
     D:5: 160 daAuts
 Abyss:1: 12 daAuts
     D:6: 10 daAuts
